 Dungeon Crawl Stone Soup version 0.28-a0-1506-g3893175d92 (webtiles) character file.

Game seed: 9014959713524151356

141 HallandMoats the Skirmisher (level 5, -8/46 HPs)
             Began as a Ghoul Fighter on Jan 14, 2022.
             Was a Follower of Wu Jian.
             Mangled by an ogre (24 damage)
             ... on level 4 of the Dungeon.
             The game lasted 00:03:40 (3969 turns).

HallandMoats the Skirmisher (Ghoul Fighter)         Turns: 3969, Time: 00:03:41

Health: -8/46      AC:  6    Str: 20    XL:     5   Next: 24%
Magic:  4/4        EV:  9    Int:  5    God:    Wu Jian [*.....]
Gold:   114        SH:  4    Dex:  8    Spells: 4/4 levels left

rFire   . . .      SeeInvis .   a - +0 flail
rCold   + . .      Faith    .   c - +0 buckler
rNeg    + + +      Spirit   .   b - +0 scale mail
rPois   ∞          Reflect  .   (no helmet)
rElec   .          Harm     .   (no cloak)
rCorr   .          Rampage  .   (no gloves)
Will    .....                   (no boots)
Stlth   ..........              (no amulet)
HPRegen 0.00/turn               (no ring)
MPRegen 0.09/turn               (no ring)

@: mighty, inhibited regen
A: claws 1, cold resistance 1, negative energy resistance 3, inhibited
regeneration, torment resistance 2
a: Renounce Religion


You were on level 4 of the Dungeon.
You worshipped Wu Jian.
Wu Jian was aware of your devotion.
You visited 1 branch of the dungeon, and saw 4 of its levels.

You collected 114 gold pieces.

Inventory:

Hand Weapons
 a - a +0 flail (weapon)
Missiles
 k - 5 poisoned darts (quivered)
Armour
 b - a +0 scale mail (worn)
 c - a +0 buckler (worn)
Jewellery
 l - a ring of protection from cold
 m - a ring of flight
 r - a ring of fire
Wands
 i - a wand of acid (14)
Scrolls
 f - a scroll of silence {unknown}
 j - 4 scrolls of identify {unknown}
 n - a scroll of fear {unknown}
 p - a scroll of teleportation {unknown}
 s - a scroll of holy word {unknown}
Potions
 e - 2 potions of lignification {unknown}
 g - a potion of resistance {unknown}
 h - a potion of invisibility {unknown}
 o - a potion of ambrosia {unknown}
 q - a potion of brilliance {unknown}
 t - 2 potions of flight {unknown}


   Skills:
 * Level 4.1 Fighting
 * Level 2.8 Maces & Flails
 + Level 3.1 Armour
 + Level 1.2 Dodging
 * Level 3.5 Shields


You had 4 spell levels left.
You didn't know any spells.
Your spell library contained the following spells:

 Spells                   Type           Power      Damage    Failure   Level
 Pain                     Necr           0%         1d4       89%         1
 Agony                    Necr           0%         N/A       100%        5
 Excruciating Wounds      Necr           0%         N/A       100%        5


Dungeon Overview and Level Annotations

Branches:
Dungeon (4/15)             Temple (0/1) D:4

Altars:
Wu Jian
Yredelemnul

Shops:
D:4 [[


Innate Abilities, Weirdness & Mutations

You thrive by killing the living.
You are immune to poison.
You have sharp fingernails.
Your flesh is cold resistant. (rC+)
You are immune to negative energy. (rN+++)
You do not regenerate when monsters are visible.
You are immune to unholy pain and torment.


Message History

You spin to attack the ogre, but your attack speed is too slow for a blow to land.
The ogre hits you with a +0 giant spiked club!
* * * LOW HITPOINT WARNING * * *
Found 4 gold pieces.
You spin and attack the ogre.
You hit the ogre.
The ogre is heavily wounded.
The ogre barely misses you.
There is a fountain of clear blue water here.
You spin to attack the ogre, but your attack speed is too slow for a blow to land.
You block the ogre's attack.
You spin to attack the ogre, but your attack speed is too slow for a blow to land.
The ogre barely misses you.
There is an escape hatch in the ceiling here.
A mysterious force pulls you upwards. The hatch slams shut behind you.
You start resting.
HP restored.
(D) Dungeon (T) Temple
Where to? (Enter - D:4, ? - help)
What level of the Dungeon? (default 1, ? - help)
You see here 32 stones.
There is an escape hatch in the floor here.
There is a stone staircase leading down here.
You climb downwards.
There is a stone staircase leading up here.
An ogre is nearby!
You feel very mighty all of a sudden.
You sock the ogre!
The ogre is moderately wounded.
The ogre hits you with a +0 giant spiked club!
You barely miss the ogre.
The ogre is moderately wounded.
The ogre closely misses you.
You hit the ogre.
The ogre is heavily wounded.
The ogre hits you with a +0 giant spiked club!!
You sock the ogre!
The ogre is severely wounded.
The ogre hits you with a +0 giant spiked club!!
Ouch! That really hurt!
You die...

.# ###.## ##....###
##...#...
##..(...### #
#..........
..#.#......# #..
........<..# #.#
.##.#.##@#.# #.#
.......O..# #.#
#######.### #.# #.#
#.# #.# #.# ##..
#####.######.##.....
#....<.........>..#
#.###.####...####...
#.#≈≈≈## #...#


You could see an ogre.

Vanquished Creatures
  An orc priest (D:3)
  A hound skeleton (D:4)
  A howler monkey zombie (D:3)
  3 adders
  A worm (D:3)
  A dart slug (D:3)
  3 orcs (D:3)
  3 bats
  6 endoplasms
  A giant cockroach (D:2)
  4 goblins
  3 hobgoblins
  3 jackals (D:1)
  5 kobolds
  A quokka (D:3)
  6 ball pythons
  3 frilled lizards
  6 rats
52 creatures vanquished.

Notes
Turn   | Place    | Note
-------+----------+-------------------------------------------
     0 | D:1      | HallandMoats the Ghoul Fighter began the quest for the Orb.
     0 | D:1      | Reached XP level 1. HP: 19/19 MP: 0/0
   178 | D:1      | Reached XP level 2. HP: 15/26 MP: 1/1
  1028 | D:1      | Reached XP level 3. HP: 31/31 MP: 2/2
  1829 | D:2      | Found a faded altar of an unknown god.
  1848 | D:2      | Prayed at the altar of an unknown god.
  1848 | D:2      | Became a worshipper of the Wu Jian Council
  1848 | D:2      | Reached * piety under Wu Jian
  2724 | D:3      | Reached XP level 4. HP: 40/40 MP: 3/3
  2748 | D:3      | Reached skill level 1 in Dodging
  2942 | D:3      | Found a basalt altar of Yredelemnul.
  2954 | D:3      | Reached skill level 4 in Fighting
  3214 | D:3      | Reached XP level 5. HP: 46/46 MP: 4/4
  3561 | D:4      | Found Ofah's Armour Shop.
  3593 | D:4      | Found Buem's Armour Emporium.
  3607 | D:4      | Found a staircase to the Ecumenical Temple.
  3611 | D:4      | Noticed an ogre
  3969 | D:4      | Mangled by an ogre

Illustrated notes

Levels and vault maps discovered:
D:1:      minmay_arrival_stone_box, layout_basic, minmay_unequal
D:2:      layout_loops_corners, hellmonk_ecumenical_altar_zigzags,
          roderic_roman_lattice, nicolae_underground_beach
D:3:      layout_basic, yredelemnul_altar_generic
D:4:      layout_loops_ring, tgw_kikubaaqudgha, temple_fountains, serial_shops,
          shop, nicolae_shop_advertising_works [nicolae_subvault_shop_adworks],
          shop_statue, nicolae_shop_waterfront, nicolae_shop_waterfront

Skill      XL: |  1  2  3  4 |
---------------+-------------+-----
Maces & Flails | 2 |  2.8
Shields        | 3 |  3.5
Armour         | 3 |  3.1
Dodging        | 1 |  1.2
Fighting       | 4 |  4.1

Action                   |  1- 3 |  4- 6 || total
-------------------------+-------+-------++-------
Melee: Flail             |   135 |    77 ||   212
Invok: Lunge             |     2 |     7 ||     9
       Whirlwind         |       |     4 ||     4
  Use: Potion            |       |     1 ||     1
Armor: Scale mail        |    58 |    29 ||    87
Dodge: Dodged            |    70 |    28 ||    98
Block: Buckler           |    37 |    12 ||    49

Table legend: (Time is in decaauts)
 A = Elapsed time spent in this place.
 B = Non-inter-level travel time spent in this place.
 C = Inter-level travel time spent in this place.
 D = Time resting spent in this place.
 E = Time spent auto-exploring this place.
 F = Levels seen in this place.
 G = Mean time per level.
                   A        B        C        D        E       F      G
               +--------+--------+--------+--------+--------+-----+--------+
         Total |   4034 |   3912 |    122 |    251 |   3136 |   4 | 1008.5 |
       Dungeon |   4034 |   3912 |    122 |    251 |   3136 |   4 | 1008.5 |
               +--------+--------+--------+--------+--------+-----+--------+

Top non-repeatable levels by time:
     D:1: 1527 daAuts
     D:3: 1263 daAuts
     D:2: 1109 daAuts
     D:4: 134 daAuts
